 Dungeon Crawl Stone Soup version 0.29-a0-369-gd956c00756 (webtiles) character file.

Game seed: 105154119827882055

13529 Antichthon the Basher (level 12, -19/76 HPs)
             Began as a Gargoyle Fighter on May 2, 2022.
             Was a Priest of the Shining One.
             Killed from afar by an oklob plant (28 damage)
             ... with a splash of acid
             ... on level 2 of the Lair of Beasts.
             The game lasted 00:21:22 (10931 turns).

Antichthon the Basher (Gargoyle Fighter)           Turns: 10931, Time: 00:21:23

Health: -19/76     AC: 13    Str: 23    XL:     12   Next: 7%
Magic:  16/16      EV:  8    Int: 11    God:    the Shining One [***...]
Gold:   1034       SH:  5    Dex:  9    Spells: 11/11 levels left

rFire   + . .      SeeInvis +   a - +0 morningstar
rCold   + . .      Faith    .   c - +0 buckler
rNeg    + + .      Spirit   .   t - +0 plate armour
rPois   ∞          Reflect  .   C - +1 hat
rElec   +          Harm     .   (no cloak)
rCorr   .          Rampage  .   p - +2 pair of gloves
Will    .....                   E - +0 pair of boots
Stlth   ..........              F - amulet of regeneration
HPRegen 1.02/turn               m - ring of protection from fire
MPRegen 0.15/turn               s - ring of see invisible

@: corroded, hasted, glowing, very quick
A: sickness immunity, AC +8, negative energy resistance 1, electricity
resistance, torment resistance 1, petrification resistance, claws 2, horns 1,
cold resistance 1
a: Renounce Religion, Divine Shield, Cleansing Flame


You were on level 2 of the Lair of Beasts.
You worshipped the Shining One.
The Shining One was most pleased with you.
You visited 3 branches of the dungeon, and saw 13 of its levels.

You collected 1439 gold pieces.
You spent 405 gold pieces at shops.

Inventory:

Hand Weapons
 a - a +0 morningstar (weapon)
 b - the +2 hunting sling of Cobwebs {freeze, rElec Will- rCorr SInv}
   (You bought it in a shop on level 7 of the Dungeon)

   Any ammunition fired from it freezes those it strikes, dealing additional
   cold damage.
   It can also slow down cold-blooded creatures.
   rElec:     It insulates you from electricity.
   SInv:      It lets you see invisible.
   rCorr:     It protects you from acid and corrosion.
   Will:      It decreases your willpower.
 H - a +0 broad axe of flaming
Armour
 c - a +0 buckler (worn)
 p - a +2 pair of gloves (worn)
 t - a +0 plate armour (worn)
 C - a +1 hat (worn)
 E - a +0 pair of boots (worn)
Jewellery
 m - a ring of protection from fire (left hand)
 s - a ring of see invisible (right hand)
 y - a ring of protection from fire
 F - an amulet of regeneration (around neck)
 G - an amulet of guardian spirit
 L - an amulet of faith
Wands
 r - a wand of flame (4)
 B - a wand of polymorph (7)
 J - a wand of iceblast (5)
 K - a wand of charming (6)
 N - a wand of digging (9)
Scrolls
 e - 2 scrolls of brand weapon
 h - 3 scrolls of teleportation
 i - 2 scrolls of fear
 l - 3 scrolls of immolation
 n - 3 scrolls of enchant weapon
 o - a scroll of vulnerability
 x - 4 scrolls of blinking
 A - a scroll of enchant armour {unknown}
 D - a scroll of magic mapping
 I - a scroll of silence {unknown}
 M - 3 scrolls of fog
 O - a scroll of identify
Potions
 d - 7 potions of ambrosia
 f - a potion of might
 g - 2 potions of attraction
 j - 2 potions of lignification {unknown}
 k - 2 potions of haste
 q - 2 potions of degeneration {unknown}
 u - 3 potions of curing
 v - a potion of invisibility {unknown}
 w - a potion of cancellation {unknown}
 z - a potion of brilliance {unknown}
 P - a potion of mutation


   Skills:
 * Level 9.1 Fighting
 * Level 11.2 Maces & Flails
 * Level 10.2 Armour
 * Level 4.8 Dodging
 * Level 7.5 Shields
 * Level 6.5 Invocations


You had 11 spell levels left.
You didn't know any spells.
Your spell library contained the following spells:

 Spells                   Type           Power      Damage    Failure   Level
 Sandblast                Erth           0%         2d4       99%         1
 Ensorcelled Hibernation  Hex/Ice        0%         N/A       100%        2
 Passwall                 Tmut/Erth      0%         N/A       100%        2
 Frozen Ramparts          Ice            0%         1d2       100%        3
 Spider Form              Tmut/Pois      0%         N/A       100%        3
 Stone Arrow              Conj/Erth      0%         3d7       100%        3
 Tukima's Dance           Hex            0%         N/A       100%        3
 Anguish                  Hex/Necr       0%         N/A       100%        4
 Ice Form                 Ice/Tmut       0%         N/A       100%        4
 Passage of Golubria      Tloc           0%         N/A       100%        4
 Petrify                  Tmut/Erth      0%         N/A       100%        4
 Summon Ice Beast         Ice/Summ       0%         N/A       100%        4
 Metabolic Englaciation   Hex/Ice        0%         N/A       100%        5
 Yara's Violent Unravell  Hex/Tmut       0%         3d3       100%        5
 Statue Form              Tmut/Erth      Unusable   N/A       N/A         6

Dungeon Overview and Level Annotations

Branches:
Dungeon (10/15)            Temple (1/1) D:4            Lair (2/6) D:10
  Swamp (0/4) Lair:2          Orc (0/2) D:10
  Snake: Lair:2-4    Spider: Lair:2-4

Altars:
Ashenzari
Cheibriados
Dithmenos
Elyvilon
Fedhas
Gozag
Hepliaklqana
Kikubaaqudgha
Makhleb
Nemelex Xobeh
Okawaru
Qazlal
Ru
Sif Muna
Trog
Uskayaw
Vehumet
Wu Jian
Xom
Yredelemnul
Zin
The Shining One

Shops:
D:7 (

Annotations:
D:1 1 runed translucent door
Lair:2 exclusion: oklob plant


Innate Abilities, Weirdness & Mutations

You are immune to sickness and miasma.
Your stone body is resilient. (AC +8)
You are immune to poison.
You resist negative energy. (rN+)
You are resistant to electric shocks. (rElec)
You are resistant to unholy torment.
You are immune to petrification.
You have very sharp fingernails.
You have a pair of small horns on your head.
Your flesh is cold resistant. (rC+)


Message History

The oklob plant is almost destroyed.
You hit the oklob plant but do no damage.
The oklob plant is almost destroyed.
You hit the oklob plant but do no damage.
The oklob plant is almost destroyed.
The oklob plant spits acid at you. The splash of acid hits you!
* * * LOW HITPOINT WARNING * * *
The acid corrodes you!
You hit the oklob plant but do no damage.
You headbutt the oklob plant, but do no damage.
The oklob plant is almost destroyed.
Unknown command.
You hit the oklob plant but do no damage.
The oklob plant is almost destroyed.
You hit the oklob plant but do no damage.
The oklob plant is almost destroyed.
Unknown command.
You hit the oklob plant but do no damage.
You headbutt the oklob plant, but do no damage.
The oklob plant is almost destroyed.
You hit the oklob plant but do no damage.
You headbutt the oklob plant, but do no damage.
The oklob plant is almost destroyed.
The oklob plant spits acid at you. The splash of acid misses you.
Unknown command.
You hit the oklob plant but do no damage.
The oklob plant is almost destroyed.
You sock the oklob plant!
You headbutt the oklob plant, but do no damage.
The oklob plant is almost destroyed.
The oklob plant spits acid at you. The splash of acid hits you!!
* * * LOW HITPOINT WARNING * * *
Unknown command.
You feel better. The oklob plant spits acid at you.
The splash of acid hits you!!
You die...

.......P####..##..#
........## #.P##..#
......#..###..#...#
..#..##...#..##...#
......###.....#...##
..#...P#.#.........#
......###.........##
.......##....######
................@P#
.#.......)....?.!.#
.PP..........P....#
.......#.#...P$.):#
.....##.##...######
..... ###......
..... ....#.#..
..... ...###.#. ....
##


You could see an oklob plant.

Vanquished Creatures
  A hydra (D:8)
  2 oklob plants (Lair:2)
  A black mamba (Lair:2)
  Joseph (D:7)
  Maggie (D:7)
  4 komodo dragons
  A queen bee (Lair:1)
  2 hornets
  Grinder (D:2)
  3 shadows
  Sigmund (D:3)
  A basilisk (Lair:1)
  27 yaks
  2 steam dragons
  Duvessa (D:7)
  An ice beast (D:6)
  3 black bears
  A sky beast (D:4)
  3 wolves (Lair:1)
  An ogre (D:6)
  A centaur (D:10)
  2 phantoms
  2 kobold brigands
  5 bullfrogs
  2 gnoll sergeants
  4 scorpions
  A necrophage (D:7)
  Dowan (D:7)
  36 killer bees
  A howler monkey (D:6)
  A jelly (D:8)
  2 hounds
  4 gnoll shamans
  5 orc priests
  Jessica (D:2)
  Natasha (thrice) (D:2)
  3 iguanas
  3 orc wizards
  8 adders
  24 gnolls
  2 white imps
  2 ufetubi
  2 worms
  4 dart slugs
  15 orcs
  3 ball pythons
  4 bats
  3 endoplasms
  2 giant cockroaches
  7 goblins
  11 hobgoblins
  2 jackals (D:1)
  4 quokkas
  A frilled lizard (D:1)
  20 kobolds
  5 rats
254 creatures vanquished.

Vanquished Creatures (others)
  4 fungi (Lair:1)
  15 plants
  15 withered plants (D:1)
34 creatures vanquished.

Grand Total: 288 creatures vanquished

Notes
Turn   | Place    | Note
-------+----------+-------------------------------------------
     0 | D:1      | Antichthon the Gargoyle Fighter began the quest for the
                  | Orb.
     0 | D:1      | Reached XP level 1. HP: 14/14 MP: 1/1
     1 | D:1      | Found a runed translucent door.
   358 | D:1      | Reached XP level 2. HP: 14/19 MP: 2/2
   702 | D:1      | Identified a scroll of acquirement
   702 | D:1      | Acquired 749 gold pieces
   945 | D:1      | Reached XP level 3. HP: 24/24 MP: 3/3
   945 | D:1      | Found a faded altar of an unknown god.
  1469 | D:2      | Reached XP level 4. HP: 18/29 MP: 4/4
  1599 | D:2      | Noticed Natasha
  1608 | D:2      | Killed Natasha
  1609 | D:2      | Reached skill level 1 in Invocations
  1655 | D:2      | Noticed Jessica
  1659 | D:2      | Killed Jessica
  1660 | D:2      | Reached skill level 3 in Maces & Flails
  1796 | D:2      | Noticed Natasha
  1807 | D:2      | Killed Natasha
  1808 | D:2      | Reached skill level 1 in Dodging
  1808 | D:2      | Reached XP level 5. HP: 27/33 MP: 5/5
  1829 | D:2      | Noticed Natasha
  1833 | D:2      | Killed Natasha
  2092 | D:3      | Noticed Grinder
  2114 | D:2      | Paralysed by Grinder for 4 turns
  2124 | D:2      | Paralysed by Grinder for 4 turns
  2130 | D:2      | Gained mutation: Your muscles are strong. (Str +2) [potion
                  | of mutation]
  2130 | D:2      | Gained mutation: You sometimes lose the ability to read
                  | scrolls when taking damage. [potion of mutation]
  2130 | D:2      | Gained mutation: You have large cloven feet. [potion of
                  | mutation]
  2135 | D:2      | Killed Grinder
  2136 | D:2      | Reached skill level 4 in Maces & Flails
  2136 | D:2      | Reached XP level 6. HP: 38/38 MP: 7/7
  2661 | D:3      | You fall into a shaft and drop 1 floor!
  2678 | D:4      | Noticed a sky beast
  2700 | D:4      | Killed a sky beast
  2701 | D:4      | Reached XP level 7. HP: 40/43 MP: 8/8
  3058 | D:3      | Noticed Sigmund
  3063 | D:3      | Killed Sigmund
  3064 | D:3      | Reached skill level 5 in Maces & Flails
  3183 | D:4      | Found a staircase to the Ecumenical Temple.
  3198 | Temple   | Entered the Ecumenical Temple
  3203 | Temple   | Became a worshipper of the Shining One
  3462 | D:5      | Entered Level 5 of the Dungeon
  3739 | D:5      | Found an opulent altar of Gozag.
  3755 | D:5      | Reached skill level 5 in Armour
  3800 | D:5      | Reached XP level 8. HP: 48/48 MP: 8/10
  3931 | D:5      | Reached skill level 6 in Maces & Flails
  4212 | D:5      | Found an ancient bone altar of Kikubaaqudgha.
  4397 | D:6      | Reached skill level 5 in Fighting
  4724 | D:6      | Found an iron altar of Okawaru.
  4924 | D:6      | Reached skill level 5 in Shields
  5086 | D:7      | Reached * piety under the Shining One
  5090 | D:7      | Reached skill level 7 in Maces & Flails
  5178 | D:7      | Identified the +1 leather armour of Tehofuts {rF+ rC+}
  5183 | D:7      | Noticed Joseph
  5196 | D:7      | Killed Joseph
  5197 | D:7      | Reached XP level 9. HP: 37/54 MP: 11/11
  5339 | D:7      | Noticed Duvessa
  5339 | D:7      | Noticed Dowan
  5401 | D:7      | Killed Duvessa
  5405 | D:7      | Killed Dowan
  5678 | D:7      | Noticed Maggie
  5697 | D:7      | Killed Maggie
  5807 | D:7      | Reached skill level 8 in Maces & Flails
  5987 | D:7      | Found Edimize's Antique Weapon Shoppe.
  5992 | D:7      | Bought a faintly glowing hunting sling for 195 gold pieces
  5992 | D:7      | Identified the +2 hunting sling of Cobwebs {freeze, rElec
                  | Will- rCorr SInv} (You bought it in a shop on level 7 of
                  | the Dungeon)
  5992 | D:7      | Bought a glowing broad axe for 210 gold pieces
  6538 | D:8      | Noticed a seven-headed hydra
  6545 | D:8      | Killed a three-headed hydra
  6546 | D:8      | Reached XP level 10. HP: 14/61 MP: 13/13
  6937 | D:8      | Found a snail-covered altar of Cheibriados.
  7761 | D:9      | Reached skill level 9 in Maces & Flails
  7761 | D:9      | Reached skill level 5 in Invocations
  7929 | D:9      | Reached ** piety under the Shining One
  8220 | D:10     | Entered Level 10 of the Dungeon
  8244 | D:10     | Found a staircase to the Lair.
  8481 | D:10     | Found a radiant altar of Vehumet.
  8481 | D:10     | Found a shimmering blue altar of Sif Muna.
  8482 | D:10     | Found a hazy altar of Hepliaklqana.
  8627 | D:10     | Reached XP level 11. HP: 59/68 MP: 15/15
  8940 | D:10     | Reached skill level 10 in Maces & Flails
  8949 | D:10     | Found a staircase to the Orcish Mines.
  8971 | D:10     | Lost mutation: You have large cloven feet. [potion of
                  | mutation]
  8971 | D:10     | Lost mutation: Your muscles are strong. (Str +2) [potion of
                  | mutation]
  8971 | D:10     | Lost mutation: You sometimes lose the ability to read
                  | scrolls when taking damage. [potion of mutation]
  8971 | D:10     | Gained mutation: You have sharp fingernails. [potion of
                  | mutation]
  8971 | D:10     | Gained mutation: You have a pair of small horns on your
                  | head. [potion of mutation]
  8971 | D:10     | Gained mutation: Your flesh is cold resistant. (rC+)
                  | [potion of mutation]
  8971 | D:10     | Gained mutation: You have very sharp fingernails. [potion
                  | of mutation]
  9172 | Lair:1   | Entered Level 1 of the Lair of Beasts
  9227 | Lair:1   | Noticed a six-headed hydra
  9484 | Lair:1   | Reached *** piety under the Shining One
  9938 | Lair:1   | Reached skill level 10 in Armour
  9944 | Lair:1   | Reached skill level 11 in Maces & Flails
 10138 | Lair:2   | Found a staircase to the Swamp.
 10412 | Lair:2   | Noticed an oklob plant
 10488 | Lair:2   | Noticed an oklob plant
 10534 | Lair:2   | Killed an oklob plant
 10535 | Lair:2   | Reached XP level 12. HP: 30/76 MP: 16/16
 10930 | Lair:2   | HP: 1/76 [oklob plant/splash of acid (24)]
 10931 | Lair:2   | Killed from afar by an oklob plant

Illustrated notes

Levels and vault maps discovered:
D:1:      dpeg_arrival_caged_fury, layout_loops_ring,
          shapermc_ecumenical_altar_flowoftime, chequers_serial_rivers_small_3
D:2:      layout_basic, grunt_decor_one_mirror, uniq_natasha, uniq_jessica
D:3:      layout_rooms, corner_web_ring, minmay_diced_spiral, uniq_sigmund,
          uniq_grinder
D:4:      layout_basic, minmay_temple_entry_glass
D:5:      layout_gridville, mainiacjoe_overflow_alcove_4,
          mainiacjoe_overflow_brackets
D:6:      layout_loops_cross, okawaru_trees_2
D:7:      layout_basic, serial_shops, nicolae_shop_hallway_plus, uniq_joseph,
          uniq_duvessa, uniq_maggie
D:8:      layout_basic, kennysheep_slug_shrine
D:9:      layout_stronghold, small_statue_alley_b
D:10:     layout_basic, gammafunk_temple_overflow_claw, david_lair_shrubbed
Temple:   minmay_freezing_vapour_temple
Lair:1:   layout_roguey [special_room_bee], guppyfry_lair_drakes
Lair:2:   minmay_lair_oklob_chamber, layout_cave_shapes, swamp_mist

Skill      XL: |  1  2  3  4  5  6  7  8  9 10 11 |
---------------+----------------------------------+-----
Invocations    | 1 2 3 4 5 6 |  6.5
Maces & Flails | 3 4 5 7 8 9 11 | 11.2
Armour         | 4 5 6 7 9 10 | 10.2
Dodging        | 1 2 3 4 |  4.8
Fighting       | 4 5 6 8 9 |  9.1
Shields        | 4 5 6 7 |  7.5

Action                   |  1- 3 |  4- 6 |  7- 9 | 10-12 || total
-------------------------+-------+-------+-------+-------++-------
Melee: Flail             |   134 |    94 |   216 |       ||   444
       Kick              |       |     8 |    83 |    97 ||   188
       Broad axe         |       |       |    25 |   110 ||   135
       Morningstar       |       |       |       |   366 ||   366
       Headbutt          |       |       |       |    60 ||    60
 Fire: Hunting sling     |       |       |       |   103 ||   103
Evoke: Wand              |       |       |       |    32 ||    32
  Use: Scroll            |     2 |       |     9 |     5 ||    16
       Potion            |       |     4 |     1 |     5 ||    10
Armor: Scale mail        |    72 |       |       |       ||    72
       Chain mail        |    48 |    63 |       |       ||   111
       Plate armour      |       |       |   280 |   386 ||   666
Dodge: Dodged            |    88 |    45 |   124 |   213 ||   470
Block: Buckler           |    40 |    22 |    72 |   142 ||   276

Table legend: (Time is in decaauts)
 A = Elapsed time spent in this place.
 B = Non-inter-level travel time spent in this place.
 C = Inter-level travel time spent in this place.
 D = Time resting spent in this place.
 E = Time spent auto-exploring this place.
 F = Levels seen in this place.
 G = Mean time per level.
                   A        B        C        D        E       F      G
               +--------+--------+--------+--------+--------+-----+--------+
         Total |  11218 |  10925 |    293 |    981 |   7286 |  13 |  862.9 |
       Dungeon |   9354 |   9090 |    264 |    630 |   6485 |  10 |  935.4 |
        Temple |     10 |     10 |      0 |      0 |      0 |   1 |   10.0 |
          Lair |   1853 |   1825 |     28 |    351 |    800 |   2 |  926.5 |
               +--------+--------+--------+--------+--------+-----+--------+

Top non-repeatable levels by time:
     D:2: 1391 daAuts
     D:7: 1300 daAuts
     D:8: 1283 daAuts
     D:1: 1186 daAuts
  Lair:2: 974 daAuts
    D:10: 957 daAuts
  Lair:1: 879 daAuts
     D:5: 860 daAuts
     D:6: 757 daAuts
     D:9: 646 daAuts
     D:3: 562 daAuts
     D:4: 409 daAuts
  Temple: 10 daAuts
